AoeStats
← 西装老头

Baltic

510468283Analyzed
3v3 RM · 10h ago on Oct 1, 2026· 49m 42s· 6 players
Game mode
Random Map
Map size
Normal (6 player)
Population
200
Speed
Normal
Resources
Standard
Victory
Conquest
Starting age
Dark Age
Ending age
Imperial Age
RankedLock teamsTeams togetherTeam positionsShared explorationLock speedFull tech treeHidden civsTurbo modeCheats
Victory
Defeat
🇦🇷 Celts · Argentina
976
+14
🇱🇻 Spanish · Latvia
954
+15
🇨🇳 Khmer · China
892
+17
🇵🇪 Bohemians · Peru
947
-16
🇵🇪 Varangians · Peru
936
-16
🇵🇪 Teutons · Peru
900
-14
Baku74
11:03 Feudal Age
11:30 Loom
15:54 Wheelbarrow
15:07 Double-Bit Axe
16:04 Horse Collar
17:04 Gold Mining
19:30 Castle Age
18:11 Stone Mining
25:39 Careening
25:42 Clinker Construction
26:26 Medium Warships
27:39 Siphons
30:54 Hand Cart
32:04 Town Watch
32:33 Fortified Wall
32:19 Fletching
34:10 Padded Archer Armor
34:05 Bodkin Arrow
34:28 Bow Saw
34:36 Heavy Plow
38:03 Pikeman
38:52 Gambesons
39:08 Squires
44:36 Forging
44:27 Scale Mail Armor
49:11 Husbandry
49:22 Bloodlines
Tururu7923
2:41 Loom
10:54 Feudal Age
13:02 Double-Bit Axe
23:06 Wheelbarrow
22:31 Gold Mining
27:03 Castle Age
27:38 Gold Mining
28:03 Bow Saw
27:35 Horse Collar
32:48 Imperial Age
31:20 Hand Cart
31:25 Heavy Plow
31:25 Demolition Ship
33:38 Coinage
33:12 Caravan
34:31 Guilds
35:47 Two-Man Saw
35:19 Crop Rotation
38:39 Forging
38:29 Scale Mail Armor
39:57 Pikeman
40:52 Scale Mail Armor
41:27 Iron Casting
41:25 Halberdier
42:05 Squires
43:29 Blast Furnace
42:47 Chain Mail Armor
46:21 Plate Mail Armor
SNES
10:10 Feudal Age
15:49 Castle Age
17:29 Fervor
20:34 Loom
23:27 Wheelbarrow
23:46 Horse Collar
28:55 Imperial Age
29:41 Hand Cart
32:21 Chemistry
32:36 Ballistics
33:58 Heavy Plow
33:49 Double-Bit Axe
34:36 Conscription
34:25 Elite Hussite Wagon
36:51 Bow Saw
36:50 Wagenburg Tactics
45:47 Houfnice
46:35 Siege Engineers
46:26 Murder Holes
c190
0:33 Loom
12:37 Feudal Age
13:13 Double-Bit Axe
21:03 Castle Age
19:52 Padded Archer Armor
19:43 Fletching
20:27 Stone Mining
23:41 Fishing Lines
25:31 Bow Saw
27:18 Gold Mining
31:35 Medium Warships
35:58 Imperial Age
33:59 Caravan
36:52 Elite Conquistador
39:05 Chemistry
38:27 Ballistics
39:27 Leather Archer Armor
39:08 Bodkin Arrow
西装老头
0:28 Loom
10:37 Feudal Age
16:42 Castle Age
16:02 Double-Bit Axe
22:34 Stone Mining
23:38 Wheelbarrow
29:43 Imperial Age
28:20 Bloodlines
28:16 Husbandry
28:18 Gold Mining
28:22 Town Watch
29:40 Hand Cart
30:50 Conscription
30:50 Town Patrol
30:36 Horse Collar
31:15 Tusk Swords
33:42 Forging
33:38 Scale Barding Armor
35:26 Elite Battle Elephant
37:19 Gold Shaft Mining
37:22 Iron Casting
37:08 Chain Barding Armor
40:47 Stone Shaft Mining
41:15 Blast Furnace
40:50 Plate Barding Armor
41:59 Light Cavalry
42:44 Scale Mail Armor
45:11 Heavy Plow
45:53 Chain Mail Armor
45:58 Double Crossbow
49:37 Hussar
zeta27
9:08 Loom
11:09 Feudal Age
12:01 Double-Bit Axe
12:02 Horse Collar
14:36 Man-at-Arms
16:51 Arson
22:09 Castle Age
21:22 Gold Mining
21:58 Scale Mail Armor
22:18 Long Swordsman
23:24 Chain Mail Armor
23:41 Bow Saw
23:52 Stone Mining
26:58 Stone Shaft Mining
27:03 Gold Shaft Mining
27:10 Wheelbarrow
32:35 Imperial Age
30:40 Heavy Plow
32:16 Fortified Wall
33:05 Forging
32:41 Two-Handed Swordsman
36:13 Furor Celtica
37:41 Town Watch
38:28 Onager
39:39 Gambesons
41:53 Hand Cart
47:47 Siege Engineers
50:32 Plate Mail Armor
Connection lost

Rejoining the realm…

Still unreachable

The connection could not be restored.

Session expired

The server has moved on; the page needs a fresh start.